 Dungeon Crawl Stone Soup version 0.28-a0-1199-gef9e1dbd39 (webtiles) character file.

Game seed: 18426396481138491698

38 jtrev the Cudgeller (level 3, -3/34 HPs)
             Began as a Gargoyle Berserker on Dec 19, 2021.
             Was a Believer of Trog.
             Slain by Terence (7 damage)
             ... on level 2 of the Dungeon.
             The game lasted 00:02:38 (1215 turns).

jtrev the Cudgeller (Gargoyle Berserker)            Turns: 1215, Time: 00:02:39

Health: -3/34      AC:  6    Str: 22    XL:     3   Next: 43%
Magic:  3/3        EV: 11    Int:  7    God:    Trog [**....]
Gold:   38         SH:  0    Dex:  9    Spells: 2/2 levels left

rFire   . . .      SeeInvis .   a - +0 mace
rCold   . . .      Faith    .   (no shield)
rNeg    + . .      Spirit   .   b - +0 animal skin
rPois   ∞          Reflect  .   d - +0 helmet
rElec   +          Harm     .   (no cloak)
rCorr   .          Rampage  .   (no gloves)
Will    .....                   (no boots)
Stlth   ..........              (no amulet)
HPRegen 0.11/turn               (no ring)
MPRegen 0.08/turn               (no ring)

@: berserking (expiring), very quick
A: sickness immunity, AC +3, negative energy resistance 1, electricity
resistance, torment resistance 1, petrification resistance
a: Renounce Religion, Berserk, Trog's Hand


You were on level 2 of the Dungeon.
You worshipped Trog.
Trog was pleased with you.
You visited 1 branch of the dungeon, and saw 2 of its levels.

You collected 38 gold pieces.

Inventory:

Hand Weapons
 a - a +0 mace (weapon)
Armour
 b - a +0 animal skin (worn)
 d - a +0 helmet (worn)
   (You found it on level 1 of the Dungeon)
Scrolls
 c - 2 scrolls of identify {unknown}
 e - a scroll of noise {unknown}
Potions
 f - a potion of magic {unknown}


   Skills:
 - Level 3.2 Fighting
 + Level 4.4 Maces & Flails
 - Level 2.1 Armour
 - Level 1.5 Dodging


You had 2 spell levels left.
You didn't know any spells.
Your spell library was empty.

Dungeon Overview and Level Annotations

Branches:
Dungeon (2/15)

Altars:

Annotations:
D:2 Terence


Innate Abilities, Weirdness & Mutations

You are immune to sickness and miasma.
Your stone body is resilient. (AC +3)
You are immune to poison.
You resist negative energy. (rN+)
You are resistant to electric shocks. (rElec)
You are resistant to unholy torment.
You are immune to petrification.


Message History

You climb downwards.
Found a club, a scroll labelled DUYDOI HAEBUSM and a long sword.
Found a stone staircase leading up.
There is a stone staircase leading up here.
You climb upwards.
There is a stone staircase leading down here.
The floating eye pulsates ominously.
There is a stone staircase leading down here.
You climb downwards.
Found 9 gold pieces.
There is a stone staircase leading up here.
A giant cockroach is nearby!
Found a spear.
You hit the giant cockroach.
You kill the giant cockroach!
Trog accepts your kill.
You now have 38 gold pieces (gained 9).
c - 2 scrolls labelled ASETZI NOAR (gained 1)
There is a stone staircase leading up here.
Found a smoky cyan potion.
Found 5 boomerangs.
f - a smoky cyan potion
Found a scroll labelled DUYDOI HAEBUSM.
Terence the Incautious comes into view.
He is wielding a +0 morningstar of draining.
Terence shouts!
Terence moves out of view.
No target in view!
Terence shouts, "Get ready for death!"
Terence barely misses you.
You sock Terence! Terence barely misses you.
You barely miss Terence.
Terence bares his teeth.
Terence hits you with a +0 morningstar of draining!
Terence completely misses you.
You barely miss Terence.
Terence hits you with a +0 morningstar of draining.
* * * LOW HITPOINT WARNING * * *
A red film seems to cover your vision as you go berserk!
You feel yourself moving faster!
You feel mighty! Terence closely misses you.
You barely miss Terence. You hit Terence. Terence barely misses you.
Unknown command.
You closely miss Terence.
Terence hits you with a +0 morningstar of draining!
* * * LOW HITPOINT WARNING * * *
You hit Terence but do no damage. Terence closely misses you.
Unknown command.
You hit Terence.
Terence hits you with a +0 morningstar of draining!
You die...

#.# .. .##.#
#.)..... ...#
#.......
?.####.....#
#.##.......##
#.##........#
###...........#
#.....#.....†.#####
#.@................
#@###.###...#.<.###
... #..########.###
#... ###.#####
#.... #..#
#.....(.# ####. ...
#.......# #. ....
#.......# #. ...##
#.......#### #.
#..........# #.


You could see Terence.

Vanquished Creatures
  2 dart slugs (D:1)
  2 endoplasms (D:1)
  4 giant cockroaches
  3 goblins (D:1)
  5 hobgoblins (D:1)
  4 kobolds (D:1)
  A quokka (D:1)
  3 ball pythons (D:1)
  4 bats (D:1)
  A frilled lizard (D:1)
  A rat (D:1)
30 creatures vanquished.

Notes
Turn   | Place    | Note
-------+----------+-------------------------------------------
     0 | D:1      | jtrev the Gargoyle Berserker began the quest for the Orb.
     0 | D:1      | Reached XP level 1. HP: 14/14 MP: 1/1
    39 | D:1      | Reached XP level 2. HP: 11/19 MP: 2/2
   508 | D:1      | Noticed a golden eye
   509 | D:1      | Found a faded altar of an unknown god.
   513 | D:1      | Noticed a golden eye
   513 | D:1      | Noticed a floating eye
   513 | D:1      | Noticed a floating eye
   557 | D:1      | Reached skill level 4 in Maces & Flails
   772 | D:1      | Reached XP level 3. HP: 23/23 MP: 3/3
   783 | D:1      | Reached ** piety under Trog
  1203 | D:2      | Noticed Terence
  1215 | D:2      | Slain by Terence

Illustrated notes

Levels and vault maps discovered:
D:1:      elethiomel_arrival_quiet, layout_rooms,
          hellmonk_ecumenical_altar_watching_god
D:2:      minmay_general_purpose_star, layout_rooms, basic_altar, uniq_terence

Skill      XL: |  1  2 |
---------------+-------+-----
Maces & Flails | 4 |  4.4
Fighting       | |  3.2
Armour         | |  2.1
Dodging        | |  1.5

Action                   || total
-------------------------++-------
Melee: Mace              ||    87
Invok: Berserk           ||     1
Armor: Animal skin       ||    28
Dodge: Dodged            ||    59

Table legend: (Time is in decaauts)
 A = Elapsed time spent in this place.
 B = Non-inter-level travel time spent in this place.
 C = Inter-level travel time spent in this place.
 D = Time resting spent in this place.
 E = Time spent auto-exploring this place.
 F = Levels seen in this place.
 G = Mean time per level.
                   A        B        C        D        E       F      G
               +--------+--------+--------+--------+--------+-----+--------+
         Total |   1231 |   1210 |     21 |      0 |    969 |   2 |  615.5 |
       Dungeon |   1231 |   1210 |     21 |      0 |    969 |   2 |  615.5 |
               +--------+--------+--------+--------+--------+-----+--------+

Top non-repeatable levels by time:
     D:1: 1171 daAuts
     D:2: 59 daAuts
